 Dungeon Crawl Stone Soup version 0.32-a0-306-gfed3edf829 (webtiles) character file.

Game seed: 10648529949733551549

6584 jasper the Severer (level 10, -11/86 HPs)
             Began as a Mountain Dwarf Monk on Feb 14, 2024.
             Was an Elder of Beogh.
             Mangled by an orc warlord
             ... wielding a +0 bardiche
              (18 damage)
             ... while paralysed by an orc sorcerer
             ... on level 1 of the Orcish Mines.
             The game lasted 00:20:50 (8942 turns).

jasper the Severer (Mountain Dwarf Monk)            Turns: 8942, Time: 00:20:50

Health: -11/86     AC: 18    Str: 17    XL:     10   Next: 71%
Magic:  12/12      EV:  2    Int: 12    God:    Beogh [****..]
Gold:   488        SH:  0    Dex: 12    Spells: 9/9 levels left

rFire   . . .        f - +3 battleaxe (heavy)
rCold   . . .        (shield currently unavailable)
rNeg    . . .        z - +0 plate armour
rPois   .            G - +2 hat
rElec   .            K - +1 cloak
rCorr   .            (no gloves)
SInv    .            j - +0 pair of boots
Will    +....        (no amulet) Stlth
                     v - +5 ring of evasion
HPRegen 0.34/turn    F - +5 ring of evasion
MPRegen 0.13/turn

%: no passive effects
@: paralysed, lethally poisoned (-11 -> -12)
A: runic magic, artefact enchanting
a: Renounce Religion, Smiting, Recall Apostles, Dismiss Olfrun, warrior, Dismiss
Morbeogh, warrior, Dismiss Bolgrim, priest


You were on level 1 of the Orcish Mines.
You worshipped Beogh.
Beogh was greatly pleased with you.
You visited 2 branches of the dungeon, and saw 11 of its levels.
You also visited: Sewer.

You collected 488 gold pieces.

Inventory:

Hand Weapons
 a - a +1 hand axe
 f - a +3 heavy battleaxe (weapon)
 y - a +0 trident of flaming
 A - a +0 broad axe
Missiles
 i - 69 stones
 q - a throwing net
 x - 3 boomerangs (quivered)
Armour
 b - a +0 robe
 d - an orb of light
 j - a +0 pair of boots (worn)
 n - a +0 ring mail
 p - a +0 chain mail
 s - a +1 helmet
 z - a +0 plate armour (worn)
 G - a +2 hat (worn)
 K - a +1 cloak (worn)
Jewellery
 m - a ring of willpower
 t - a ring of resist corrosion
 v - a +5 ring of evasion (left hand)
 F - a +5 ring of evasion (right hand)
Wands
 r - a wand of polymorph (9)
Scrolls
 h - a scroll of fog
 k - 2 scrolls of fear
 l - 2 scrolls of blinking
 w - 2 scrolls of enchant weapon
 D - a scroll of torment
 J - 2 scrolls of teleportation
 N - a scroll of identify
Potions
 c - a potion of ambrosia
 e - 5 potions of curing
 g - 2 potions of degeneration
 o - 3 potions of attraction
 u - a potion of invisibility {unknown}
 B - a potion of berserk rage {unknown}
 C - a potion of haste {unknown}
 E - 2 potions of brilliance {unknown}
 H - a potion of might {unknown}
 I - 5 potions of enlightenment
 L - a potion of lignification {unknown}
 M - a potion of heal wounds


   Skills:
 - Level 7.3 Fighting
 * Level 16.6 Axes
 - Level 5.9 Armour
 - Level 2.2 Dodging
 - Level 3.0 Invocations


You had 9 spell levels left.
You didn't know any spells.
Your spell library contained the following spells:

 Spells                   Type           Power      Damage    Failure   Level
 Kiss of Death            Conj/Necr      0%         2d5       63%         1
 Magic Dart               Conj           0%         1d3       63%         1
 Blink                    Tloc           0%         N/A       77%         2
 Call Imp                 Summ           0%         N/A       77%         2
 Confusing Touch          Hex            0%         N/A       94%         3
 Inner Flame              Hex/Fire       0%         N/A       94%         3
 Teleport Other           Tloc           0%         N/A       94%         3
 Dispel Undead            Necr           0%         3d6       100%        4
 Ignite Poison            Fire/Alch      0%         N/A       100%        4
 Summon Blazeheart Golem  Fire/Summ      0%         N/A       100%        4
 Irradiate                Conj/Alch      0%         3d11      100%        5
 Ignition                 Fire           0%         3d3       100%        8


Dungeon Overview and Level Annotations

Branches:
Dungeon (10/15)            Temple (0/1) D:7             Orc (1/2) D:9
  Sewer (visited)
   Lair: D:8-11

Altars:
Ashenzari
Cheibriados
Dithmenos
Xom
Yredelemnul
Zin

Shops:
D:7 (

Annotations:
D:4 3 runed translucent doors, exclusion: downstairs, minhee2137's ghost, amateur DgEE
D:7 2 transporters


Innate Abilities, Weirdness & Mutations

Your facial features look somewhat orcish.
Your spellcasting is much less encumbered by armour.
You can use scrolls of enchantment on lesser artefacts.


Message History

The orc warlord roars a battlecry!
The orc priest goes into a battle-frenzy!
The orc wizard hits the orc warrior but does no damage.
The orc warrior shoots a bolt.
The bolt barely misses you.
Morbeogh hits the orc priest from afar with a +5 halberd of venom!
The orc priest is poisoned.
Olfrun hits the orc priest but does no damage.
The orc priest looks encouraged for a moment.
You take 2 damage, and have 34/86 hp.
You feel sick. The orc warrior misses you.
Bolgrim hits the orc priest but does no damage.
The orc wizard hits the orc warrior but does no damage.
The orc priest calls down the wrath of Beogh upon you.
Pain shoots through your body!
* * * LOW HITPOINT WARNING * * *
The orc sorcerer points at you and mumbles some strange words.
You suddenly lose the ability to move!
The orc warrior unwields a +0 arbalest.
The orc warrior wields a +0 long sword.
The orc warrior hits you but does no damage.
Olfrun hits the orc priest with a +4 dire flail of protection.
The orc priest dies!
Beogh accepts your kill.
Beogh appreciates your killing of a heretic priest.
Morbeogh hits the orc sorcerer with a +5 halberd of venom!
The orc sorcerer dies!
Beogh accepts your kill.
You feel sick. The orc warlord barely misses you.
The orc warrior hits you with a +0 long sword!
* * * LOW HITPOINT WARNING * * *
Bolgrim hits the orc priest with a +1 flail of holy wrath.
The orc priest dies!
Beogh accepts your kill.
Beogh appreciates your killing of a heretic priest.
The orc wizard closely misses the orc warrior.
The orc warrior hits you with a +0 long sword!
* * * LOW HITPOINT WARNING * * *
You feel sick.
The orc warlord hits you from afar with a +0 bardiche!!
You die...
Beogh appreciates the orc warlord's killing of a heretic priest.

.....##.## ##.#..#...
......#.## #........#.
..oo...... ## #O.o....#.
## ##.##ooo......
##.###$..##@o......
...#...#.#.#.#o)...... .
...#........o.....##.
.....#................$.
#...#...........)..#....
....#..................#
........................
.....#....>............#
.#......$.))...........#


You could see an orc warlord, 3 orc warriors, an ogre, an orc (strong), a
neutral orc wizard (invisible, distracted), the friendly Bolgrim the orc
apostle, the friendly Morbeogh the orc apostle and the friendly Olfrun the orc
apostle.

Vanquished Creatures
  Pikel (D:6)
  An orc sorcerer (Orc:1)
  A water moccasin (D:6)
  2 crocodiles (Sewer)
  A black bear (D:6)
  3 sky beasts
  An ogre (Orc:1)
  3 phantoms
  Blork the orc (D:6)
  A kobold brigand (D:7)
  3 scorpions
  2 bullfrogs
  A gnoll sergeant (D:7)
  A troll zombie (D:9)
  4 wights (D:6)
  Dowan (D:7)
  A howler monkey (D:5)
  A hound (D:6)
  3 orc priests
  A jelly (D:6)
  A bombardier beetle (D:5)
  Jessica (D:2)
  6 orc wizards
  2 sleepcaps (D:4)
  6 iguanas
  A sickly merfolk siren (Sewer)
  A malarious merfolk avatar (Sewer)
  3 ogre zombies (D:9)
  4 gnolls
  7 adders
  2 river rats (Sewer)
  A ribbon worm (D:4)
  3 dart slugs
  8 orcs
  2 bats
  8 endoplasms
  13 giant cockroaches
  A gnoll zombie (D:9)
  6 goblins
  2 hobgoblins (D:4)
  4 jackals (D:4)
  5 quokkas
  11 ball pythons
  5 frilled lizards (Sewer)
  A gnoll skeleton (D:9)
  14 kobolds
  An orc skeleton (D:9)
  10 orc zombies (D:9)
  29 rats
191 creatures vanquished.

Vanquished Creatures (collateral kills)
  An orc knight (Orc:1)
  An orc sorcerer (Orc:1)
  An ugly thing (D:10)
  A kobold blastminer (Orc:1)
  A vampire (D:9)
  A warg (Orc:1)
  Duvessa (D:7)
  An ice beast (D:6)
  3 orc warriors
  2 bullfrogs (D:7)
  A gnoll sergeant (D:8)
  A troll zombie (D:9)
  3 wights (D:7)
  A bombardier beetle (D:7)
  3 orc priests
  3 orc wizards
  A sleepcap (D:6)
  2 ogre zombies (D:9)
  2 gnolls
  A shadow imp (D:8)
  A white imp (D:8)
  5 orcs
  2 kobolds (D:7)
  A gnoll skeleton (D:9)
  2 gnoll zombies (D:9)
  7 orc zombies (D:9)
49 creatures vanquished.

Vanquished Creatures (others)
  An ogre (D:5)
  A scorpion (D:5)
  3 orc priests
  2 orc wizards
  11 orcs
  2 orc zombies (D:9)
20 creatures vanquished.

Grand Total: 260 creatures vanquished

Notes
Turn   | Place    | Note
-------+----------+-------------------------------------------
     0 | D:1      | jasper the Mountain Dwarf Monk began the quest for the Orb.
     0 | D:1      | Reached XP level 1. HP: 19/19 MP: 1/1
    73 | D:1      | Reached skill level 4 in Axes
    73 | D:1      | Reached XP level 2. HP: 19/26 MP: 2/2
   437 | D:1      | Reached XP level 3. HP: 29/33 MP: 3/3
   947 | D:2      | Reached skill level 5 in Axes
  1236 | D:2      | Reached XP level 4. HP: 40/40 MP: 4/4
  1485 | D:2      | Reached skill level 1 in Armour
  1663 | D:2      | Noticed Jessica
  1798 | D:3      | Found a faded altar of an unknown god.
  2002 | D:3      | Became a worshipper of Beogh the Shepherd
  2002 | D:3      | Reached * piety under Beogh
  2002 | D:3      | Reached ** piety under Beogh
  2257 | D:3      | Got Renim's Commentary on Charred Geometry
  2502 | D:3      | Reached XP level 5. HP: 26/46 MP: 4/6
  2912 | D:2      | Killed Jessica
  3035 | D:4      | Reached skill level 6 in Axes
  3035 | D:4      | Reached XP level 6. HP: 53/53 MP: 4/8
  3064 | D:4      | Found a basalt altar of Yredelemnul.
  3131 | D:4      | Found a broken altar of Ashenzari.
  3308 | D:4      | Found a runed translucent gate.
  3308 | D:4      | Found a runed translucent gate.
  3308 | D:4      | Found a runed translucent gate.
  3314 | D:4      | Noticed minhee2137's ghost (amateur DgEE)
  3630 | D:5      | Entered Level 5 of the Dungeon
  3630 | D:5      | Found a shimmering altar of Xom.
  3633 | D:5      | Noticed a sky beast
  3869 | D:5      | Reached skill level 7 in Axes
  3895 | D:5      | Reached XP level 7. HP: 57/60 MP: 9/9
  3942 | D:5      | Reached skill level 8 in Axes
  4008 | D:5      | Reached skill level 9 in Axes
  4554 | D:5      | Reached skill level 10 in Axes
  4555 | D:5      | Reached XP level 8. HP: 61/67 MP: 10/10
  4701 | D:6      | Found a glowing silver altar of Zin.
  4764 | D:6      | Reached skill level 5 in Fighting
  4912 | D:6      | Noticed Pikel
  4921 | D:6      | Killed Pikel
  4922 | D:6      | Reached skill level 11 in Axes
  5019 | D:6      | Found a glowing drain.
  5037 | Sewer    | Entered a sewer
  5130 | Sewer    | Reached XP level 9. HP: 65/75 MP: 11/11
  5198 | Sewer    | Reached *** piety under Beogh
  5368 | Sewer    | Reached skill level 12 in Axes
  5501 | Sewer    | Identified the +5 falchion of Kolupnok {flame, rElec rC-
                  | rCorr}
  5533 | D:6      | Noticed Olfrun
  5571 | D:6      | Anointed Olfrun the warrior as your apostle
  5969 | D:6      | Noticed Blork the orc
  5978 | D:6      | Killed Blork the orc
  5979 | D:6      | Reached skill level 5 in Armour
  6777 | D:7      | Noticed a troll
  6778 | D:7      | Found a transporter.
  6804 | D:7      | Noticed Morbeogh
  6806 | D:7      | Found a transporter.
  6813 | D:7      | Anointed Morbeogh the warrior as your apostle
  7064 | D:7      | Found Goth's Weapon Emporium.
  7064 | D:7      | Noticed Duvessa
  7067 | D:7      | Noticed Dowan
  7070 | D:7      | Reached skill level 13 in Axes
  7070 | D:7      | Killed Duvessa
  7073 | D:7      | Killed Dowan
  7335 | D:7      | Reached **** piety under Beogh
  7369 | D:7      | Found a snail-covered altar of Cheibriados.
  7369 | D:7      | Found a shadowy altar of Dithmenos.
  7371 | D:7      | Noticed a red ugly thing
  7376 | D:7      | Noticed a gargoyle
  7577 | D:7      | Found a staircase to the Ecumenical Temple.
  8324 | D:8      | You fall into a shaft and drop 2 floors!
  8324 | D:10     | Entered Level 10 of the Dungeon
  8341 | D:10     | Noticed a white ugly thing
  8347 | D:10     | Killed a white ugly thing
  8348 | D:10     | Reached skill level 14 in Axes
  8348 | D:10     | Reached XP level 10. HP: 69/86 MP: 9/12
  8675 | D:9      | Found a staircase to the Orcish Mines.
  8694 | D:9      | Noticed Bolgrim
  8700 | D:9      | Anointed Bolgrim the priest as your apostle
  8805 | Orc:1    | Entered Level 1 of the Orcish Mines
  8907 | Orc:1    | Noticed a kobold blastminer
  8911 | Orc:1    | Noticed an orc knight
  8912 | Orc:1    | Noticed an orc sorcerer
  8916 | Orc:1    | Killed a kobold blastminer
  8917 | Orc:1    | Reached skill level 15 in Axes
  8919 | Orc:1    | Killed an orc sorcerer
  8919 | Orc:1    | Killed an orc knight
  8920 | Orc:1    | Reached skill level 16 in Axes
  8933 | Orc:1    | Noticed an orc warlord
  8933 | Orc:1    | Noticed an orc sorcerer
  8940 | Orc:1    | Paralysed by an orc sorcerer for 5 turns
  8940 | Orc:1    | Killed an orc sorcerer
  8942 | Orc:1    | Mangled by an orc warlord

Illustrated notes

Levels and vault maps discovered:
D:1:      eino_arrival_druids_welcome, layout_basic, roderic_serpentine_path
D:2:      layout_loops_corners, uniq_jessica
D:3:      layout_loops_ring, ebering_ecumenical_altar_petrified,
          grunt_ministairs_2
D:4:      layout_loops_ring, lemuel_round_altar, cheibrodos_ashenzari_chains,
          gammafunk_ghost_necromancy
D:5:      layout_loops_ring, xom_confusion_cloud
D:6:      layout_basic, zin_academy, portal_sewer_entry_b, lightli_minifort,
          uniq_pikel, uniq_blork_the_orc
D:7:      layout_basic, gammafunk_temple_overflow_arena,
          lemuel_temple_firewalk_b, serial_shops, nicolae_diamond_shop,
          uniq_duvessa
D:8:      layout_basic, lair_entry_dummy
D:9:      layout_gridville, zombieorc2_lemuel, minmay_variable_closet,
          serial_bayou_pond_c, minmay_misc_feat_encased
D:10:     layout_loops_cross, nicolae_gozag_cash_rules_everything_around_me,
          minivault_5
Orc:1:    layout_caves

Skill      XL: |  1  2  3  4  5  6  7  8  9 10 |
---------------+-------------------------------+-----
Axes           | 4 5 6 7 10 11 14 16 | 16.6
Fighting       | 4 6 7 |  7.3
Armour         | 1 2 4 5 |  5.9
Invocations    | 2 3 |  3.0
Dodging        | |  2.2

Action                     |  1- 3 |  4- 6 |  7- 9 | 10-12 || total
---------------------------+-------+-------+-------+-------++-------
  Melee: Hand axe          |    96 |   152 |       |       ||   248
         Broad axe         |       |    35 |   270 |       ||   305
         Battleaxe         |       |       |    61 |    34 ||    95
  Throw: Stone             |     1 |    18 |       |       ||    19
         Boomerang         |       |     8 |     7 |       ||    15
 Invoke: Convert to Beogh  |       |     1 |       |       ||     1
         Smiting           |       |     5 |     5 |       ||    10
         Recruit Apostle   |       |       |     2 |     1 ||     3
         Recall Apostles   |       |       |     2 |       ||     2
  Evoke: Wand              |       |       |     7 |       ||     7
    Use: Scroll            |     7 |     5 |     3 |       ||    15
         Potion            |       |       |     2 |       ||     2
   Stab: Sleeping          |     2 |       |       |       ||     2
         Distracted        |     1 |       |       |       ||     1
         Invisible         |       |       |     4 |       ||     4
 Armour: Robe              |    27 |       |       |       ||    27
         Ring mail         |    15 |    13 |       |       ||    28
         Chain mail        |       |    97 |   123 |       ||   220
         Plate armour      |       |       |    35 |    37 ||    72
  Dodge: Dodged            |    59 |    90 |   284 |    37 ||   470

Table legend: (Time is in decaauts)
 A = Elapsed time spent in this place.
 B = Non-inter-level travel time spent in this place.
 C = Inter-level travel time spent in this place.
 D = Time resting spent in this place.
 E = Time spent auto-exploring this place.
 F = Levels seen in this place.
 G = Mean time per level.
                   A        B        C        D        E       F      G
               +--------+--------+--------+--------+--------+-----+--------+
         Total |   9042 |   8465 |    577 |   2249 |   2890 |  12 |  753.5 |
       Dungeon |   8386 |   7809 |    577 |   2210 |   2569 |  10 |  838.6 |
  Orcish Mines |    143 |    143 |      0 |      2 |     90 |   1 |  143.0 |
         Sewer |    511 |    511 |      0 |     37 |    231 |   1 |  511.0 |
               +--------+--------+--------+--------+--------+-----+--------+

Top non-repeatable levels by time:
     D:7: 1419 daAuts
     D:6: 1383 daAuts
     D:5: 1074 daAuts
     D:3: 943 daAuts
     D:2: 931 daAuts
     D:1: 925 daAuts
     D:4: 882 daAuts
   Sewer: 511 daAuts
     D:8: 336 daAuts
    D:10: 314 daAuts
     D:9: 176 daAuts
   Orc:1: 143 daAuts
